 Dungeon Crawl Stone Soup version 0.23-b1-6-ga921848 (webtiles) character file.

Game seed: 4534947943606247500

40220 truemonolith the Thaumaturge (level 13, -5/76 HPs)
             Began as a Deep Elf Conjurer on Jan 31, 2019.
             Was a High Priest of Vehumet.
             Slain by a death yak (22 damage)
             ... on level 2 of the Lair of Beasts on Feb 1, 2019.
             The game lasted 01:20:01 (26297 turns).

truemonolith the Thaumaturge (Deep Elf Conjurer)   Turns: 26297, Time: 01:20:01

Health: -5/76      AC: 10    Str:  5    XL:     13   Next: 73%
Magic:  11/33      EV: 23    Int: 28    God:    Vehumet [*****.]
Gold:   891        SH:  0    Dex: 15    Spells: 23/41 levels left

rFire    + . .     SeeInvis .   s - +4 dagger (chaos)
rCold    . . .     Gourm    .   (no shield)
rNeg     + . .     Faith    .   a - +2 troll leather armour {Snorg}
rPois    .         Spirit   .   l - +2 hat
rElec    .         Reflect  .   B - scarf {repulsion}
rCorr    .         Harm     .   d - +0 pair of gloves
MR       +....                  p - +0 pair of boots
Stlth    +++++.....             k - amulet of regeneration
HPRegen  1.02/turn              O - ring of Fyqimia {rF+ rN+ Int+2}
MPRegen  0.23/turn              x - +5 ring of evasion

@: repel missiles
A: no striking features
a: Renounce Religion


You were on level 2 of the Lair of Beasts.
You worshipped Vehumet.
Vehumet was extremely pleased with you.
You were not hungry.

You visited 3 branches of the dungeon, and saw 16 of its levels.

You collected 891 gold pieces.

Inventory:

Hand Weapons
 s - a +4 dagger of chaos (weapon)
Armour
 a - a +2 troll leather armour (worn) {Snorg}
 d - a +0 pair of gloves (worn)
 l - a +2 hat (worn)
 p - a +0 pair of boots (worn)
 B - a scarf of repulsion (worn)
Jewellery
 c - an uncursed ring of see invisible
 h - an uncursed amulet of guardian spirit
 k - an amulet of regeneration (around neck)
 x - a +5 ring of evasion (right hand)
 H - the ring of Vuxaec {rN+ EV+5}
   (You found it on level 8 of the Dungeon)

   [ring of evasion]

   It affects your evasion (+5).
   It protects you from negative energy.
 O - the ring of Fyqimia (left hand) {rF+ rN+ Int+2}
   (You found it on level 2 of the Lair of Beasts)

   [ring of intelligence]

   It affects your intelligence (+2).
   It protects you from fire.
   It protects you from negative energy.
Wands
 e - a wand of iceblast (45)
 A - a wand of disintegration (9)
Scrolls
 f - 15 scrolls of remove curse
 i - a scroll of fear
 t - 5 scrolls of blinking
 u - a scroll of random uselessness
 v - 3 scrolls of enchant armour
 w - 5 scrolls of teleportation
 y - 6 scrolls of immolation
 J - 7 scrolls of identify
 P - a scroll of enchant weapon
Potions
 b - 3 potions of mutation
 g - 3 potions of flight
 q - 4 potions of might
 r - 3 potions of agility
 G - a potion of brilliance
 K - 4 potions of curing
 N - a potion of haste
Comestibles
 E - 10 rations


   Skills:
 - Level 7.4 Fighting
 + Level 11.7 Dodging
 - Level 11.8 Stealth
 - Level 14.7 Spellcasting
 - Level 12.0 Conjurations
 - Level 8.1 Fire Magic


You had 23 spell levels left.
You knew the following spells:

 Your Spells              Type           Power        Failure   Level  Hunger
a - Magic Dart            Conj           ####         1%          1    None
b - Dazzling Spray        Conj/Hex       ######       1%          3    None
c - Iskenderun's Mystic   Conj           ######..     1%          4    None
d - Fulminant Prism       Conj/Hex       ######....   1%          4    None
e - Force Lance           Conj/Tloc      ######..     1%          4    None
f - Throw Flame           Conj/Fire      ######       1%          2    None

Your spell library contained the following spells:

 Spells                   Type           Power        Failure   Level  Hunger
 Irradiate                Conj/Tmut      ######....   2%          5    None
 Searing Ray              Conj           ######       1%          2    None
 Inner Flame              Hex/Fire       #####...     1%          3    None
 Animate Skeleton         Necr           N/A          4%          1    None
 Confusing Touch          Hex            ###...       4%          1    None
 Corona                   Hex            ###....      4%          1    None
 Pain                     Necr           ###.         4%          1    None
 Slow                     Hex            ###.....     6%          2    None
 Confuse                  Hex            ###.....     12%         3    None
 Gell's Gravitas          Tloc           ###.......   12%         3    None
 Portal Projectile        Hex/Tloc       ###...       12%         3    None
 Regeneration             Chrm/Necr      ###.......   12%         3    None
 Vampiric Draining        Necr           ###.......   12%         3    None
 Yara's Violent Unravell  Hex/Tmut       ###.......   28%         5    None
 Animate Dead             Necr           N/A          38%         4    None
 Cause Fear               Hex            ###.......   38%         4    None
 Leda's Liquefaction      Hex/Erth       ###.......   38%         4    None
 Petrify                  Tmut/Erth      ###.....     38%         4    None
 Metabolic Englaciation   Hex/Ice        ###.......   75%         5    None


Dungeon Overview and Level Annotations

Branches:
Dungeon (12/15)            Temple (1/1) D:6            Lair (3/6) D:11
    Orc (0/2) D:12
  Swamp: Lair:2-4    Shoals: Lair:2-4     Snake: Lair:2-4    Spider: Lair:2-4

Altars:
Ashenzari
Dithmenos
Elyvilon
Fedhas
Gozag
Hepliaklqana
Kikubaaqudgha
Makhleb
Nemelex Xobeh
Qazlal
Ru
Trog
Uskayaw
Vehumet
Wu Jian
Xom
Yredelemnul
Zin
The Shining One

Annotations:
D:12 Urug


Message History

The orb of energy hits the death yak!
The death yak is severely wounded.
The orb of energy explodes!
The mystic blast hits the plant!!
You destroy the plant!
The mystic blast hits the death yak!!
The death yak is moderately wounded.
The death yak gores you! x2
Casting: Iskenderun's Mystic Blast (safe; 1% risk of failure)
Confirm with . or Enter, or press ? or * to list all spells.
Aiming: Iskenderun's Mystic Blast (safe; 1% risk of failure)
Press: ? - help, Shift-Dir - straight line, f/p - death yak
Aim: a death yak (severely wounded)
The orb of energy hits the death yak!
The death yak is almost dead.
The orb of energy explodes!
The mystic blast hits the death yak!!
The death yak is severely wounded.
The death yak gores you!
* * * LOW HITPOINT WARNING * * *
The death yak gores you!!
You die...

##............##....####
##........[........#
#.................#
####...........####
#............#
##>...........#
#.............##
#...Y..........##
##.Y@...........#
#....#..........#
##...#....#.....#
#........###....#
#.........#...###
##............##
###............P####
##...............#.P#
#..................##


You could see 2 death yaks.

Vanquished Creatures
  Snorg (D:10)
  2 hydras
  2 two-headed ogres
  Erica (Lair:2)
  A death yak (Lair:2)
  4 oklob plants (Lair:2)
  An ugly thing (D:11)
  A centaur zombie (D:11)
  Psyche (D:12)
  A gargoyle (D:10)
  A rime drake (Lair:1)
  A kobold demonologist (D:11)
  2 komodo dragons
  5 spiny frogs
  A queen bee (Lair:2)
  4 trolls
  A merfolk (D:9)
  A hornet (D:8)
  5 slime creatures (D:12)
  2 hippogriffs
  25 yaks
  A vampire (D:12)
  2 wyverns
  3 hungry ghosts
  An acid dragon (D:11)
  7 porcupines
  5 water moccasins
  6 orc warriors
  2 hornet zombies
  4 ice beasts
  A phantom (D:11)
  3 sky beasts
  A black bear (D:11)
  7 ogres
  6 wolves
  11 centaurs
  6 crocodiles
  3 big kobolds
  15 bullfrogs
  A gnoll sergeant (D:9)
  A wyvern skeleton (D:11)
  5 scorpions
  40 killer bees
  9 wights
  7 howler monkeys
  An electric eel (Lair:1)
  2 crimson imps
  3 quasits
  A lava snake (D:12)
  A bullfrog zombie (D:5)
  2 jellies
  6 hounds
  5 centaur skeletons
  A gnoll shaman (D:5)
  3 orc priests
  7 worker ants
  Ijyb (D:3)
  Terence (D:3)
  6 iguanas
  13 orc wizards
  A worker ant zombie (D:6)
  18 gnolls
  16 adders
  A howler monkey skeleton (D:5)
  2 shadow imps
  A white imp (D:7)
  An adder skeleton (D:9)
  2 worms
  2 dart slugs
  8 leopard geckos
  47 orcs
  5 giant cockroaches
  12 goblins
  3 hobgoblins
  6 jackals
  7 quokkas
  7 bats
  4 frilled lizards
  3 goblin zombies (D:7)
  3 hobgoblin zombies (D:7)
  23 kobolds
  A kobold zombie (D:7)
  An orc skeleton (D:7)
  5 rats (D:3)
  A fungus (Lair:2)
  4 plants
447 creatures vanquished.

Vanquished Creatures (others)
  8 fulminant prisms
  21 fungi
  4 plants
33 creatures vanquished.

Grand Total: 480 creatures vanquished

Notes
Turn   | Place    | Note
-------+----------+-------------------------------------------
     0 | D:1      | truemonolith the Deep Elf Conjurer began the quest for the
                  | Orb.
     0 | D:1      | Reached XP level 1. HP: 10/10 MP: 6/6
   222 | D:1      | Reached skill level 4 in Spellcasting
   222 | D:1      | Reached XP level 2. HP: 15/15 MP: 7/9
  1221 | D:2      | Found a sacrificial altar of Ru.
  1245 | D:2      | Reached XP level 3. HP: 19/19 MP: 9/11
  1253 | D:2      | Reached skill level 5 in Spellcasting
  1318 | D:2      | Learned a level 3 spell: Dazzling Spray
  1551 | D:3      | Noticed Terence
  2022 | D:2      | Reached skill level 6 in Spellcasting
  2022 | D:2      | Reached XP level 4. HP: 19/24 MP: 7/14
  2094 | D:3      | Noticed Ijyb
  2106 | D:3      | Killed Ijyb
  2430 | D:3      | Reached skill level 7 in Spellcasting
  2484 | D:3      | Reached XP level 5. HP: 18/28 MP: 11/16
  2617 | D:3      | Killed Terence
  3354 | D:4      | Reached skill level 8 in Spellcasting
  3512 | D:4      | Reached XP level 6. HP: 32/32 MP: 11/19
  4087 | D:4      | Reached skill level 5 in Conjurations
  4351 | D:5      | Entered Level 5 of the Dungeon
  4863 | D:5      | Reached XP level 7. HP: 36/36 MP: 12/21
  4888 | D:5      | Learned a level 4 spell: Iskenderun's Mystic Blast
  5193 | D:5      | Learned a level 4 spell: Fulminant Prism
  5232 | D:5      | Found a hazy altar of Hepliaklqana.
  5268 | D:5      | Found an ornate altar of the Wu Jian Council.
  6228 | D:5      | Reached XP level 8. HP: 41/41 MP: 13/22
  6526 | D:5      | Found a basalt altar of Yredelemnul.
  7162 | D:6      | Found a staircase to the Ecumenical Temple.
  7185 | D:6      | Found a shattered altar of Ashenzari.
  7185 | D:6      | Found a sacrificial altar of Ru.
  7185 | D:6      | Found a shadowy altar of Dithmenos.
  7300 | D:5      | Reached skill level 5 in Dodging
  8170 | Temple   | Entered the Ecumenical Temple
  8174 | Temple   | Became a worshipper of Vehumet
  8456 | D:6      | Found an opulent altar of Gozag.
  8899 | D:7      | Found a glowing golden altar of the Shining One.
  9289 | D:7      | Reached XP level 9. HP: 53/53 MP: 14/23
  9490 | D:7      | Reached skill level 5 in Fighting
 10320 | D:7      | Found a burning altar of Makhleb.
 10643 | D:7      | Found a stormy altar of Qazlal.
 11006 | D:8      | Reached * piety under Vehumet
 11006 | D:8      | Offered knowledge of Sandblast by Vehumet.
 11458 | D:8      | Got a heavily runed iron ring
 11461 | D:8      | Identified the ring of Vuxaec {rN+ EV+5} (You found it on
                  | level 8 of the Dungeon)
 11767 | D:8      | Reached skill level 9 in Spellcasting
 12007 | D:9      | Noticed a two-headed ogre
 12266 | D:9      | Reached skill level 10 in Spellcasting
 12782 | D:9      | Noticed a merfolk
 12788 | D:9      | Killed a merfolk
 12788 | D:9      | Reached XP level 10. HP: 63/63 MP: 10/26
 13077 | D:9      | Learned a level 4 spell: Force Lance
 13191 | D:9      | Reached skill level 11 in Spellcasting
 13390 | D:9      | Reached ** piety under Vehumet
 13507 | D:8      | Offered knowledge of Throw Frost by Vehumet.
 14024 | D:9      | Reached skill level 10 in Conjurations
 14559 | D:9      | Killed a two-headed ogre
 15196 | D:9      | Found a blossoming altar of Fedhas.
 15490 | D:10     | Entered Level 10 of the Dungeon
 15490 | D:10     | Found a shimmering altar of Xom.
 15525 | D:10     | Noticed a gargoyle
 15530 | D:10     | Killed a gargoyle
 15531 | D:10     | Noticed Snorg
 15785 | D:10     | Offered knowledge of Throw Flame by Vehumet.
 16152 | D:10     | Upgraded the game from 0.23-b1-3-gdda8187 to
                  | 0.23-b1-6-ga921848
 16176 | D:10     | Learned a level 2 spell: Throw Flame
 16442 | D:10     | Killed Snorg
 16442 | D:10     | Reached XP level 11. HP: 36/67 MP: 5/28
 16581 | D:10     | Reached *** piety under Vehumet
 17884 | D:11     | Offered knowledge of Static Discharge by Vehumet.
 18226 | D:11     | Noticed a purple ugly thing
 18233 | D:11     | Reached skill level 10 in Dodging
 18235 | D:11     | Killed a purple ugly thing
 18554 | D:11     | Reached **** piety under Vehumet
 18745 | D:11     | Offered knowledge of Venom Bolt by Vehumet.
 19017 | D:11     | Found a staircase to the Lair.
 19611 | D:11     | Reached skill level 5 in Stealth
 19951 | D:12     | Noticed a two-headed ogre
 19956 | D:12     | Killed a two-headed ogre
 20527 | D:12     | Reached XP level 12. HP: 51/72 MP: 9/29
 20774 | D:12     | Noticed Urug
 20911 | D:11     | Reached skill level 14 in Spellcasting
 20911 | D:11     | Reached XP level 13. HP: 76/76 MP: 29/33
 21158 | D:12     | Found a staircase to the Orcish Mines.
 21227 | D:11     | Reached skill level 10 in Stealth
 21433 | D:12     | Noticed Psyche
 21440 | D:12     | Killed Psyche
 21535 | Lair:1   | Entered Level 1 of the Lair of Beasts
 22520 | Lair:1   | Reached skill level 1 in Fire Magic
 23422 | Lair:2   | Noticed Erica
 23430 | Lair:2   | Killed Erica
 23635 | Lair:2   | Reached skill level 5 in Fire Magic
 23774 | Lair:2   | Reached ***** piety under Vehumet
 23934 | Lair:2   | Offered knowledge of Irradiate by Vehumet.
 24398 | Lair:2   | Got a scintillating golden ring
 25383 | Lair:2   | Identified the ring of Fyqimia {rF+ rN+ Int+2} (You found
                  | it on level 2 of the Lair of Beasts)
 26297 | Lair:2   | Slain by a death yak

Skill      XL: |  1  2  3  4  5  6  7  8  9 10 11 12 13 |
---------------+----------------------------------------+-----
Spellcasting   | 4 6 7 8 10 11 14 | 14.7
Conjurations   | 6 8 12 | 12.0
Dodging        | 5 7 11 | 11.7
Fighting       | 4 7 |  7.4
Stealth        | 8 9 11 | 11.8
Fire Magic     | 8 |  8.1

Action                   |  1- 3 |  4- 6 |  7- 9 | 10-12 | 13-15 || total
-------------------------+-------+-------+-------+-------+-------++-------
Melee: Dagger            |     2 |     6 |    11 |       |    76 ||    95
       Rapier            |       |       |    44 |   122 |     2 ||   168
 Cast: Magic Dart        |    74 |   126 |   151 |    10 |    17 ||   378
       Dazzling Spray    |     2 |    22 |     9 |    15 |    14 ||    62
       Iskenderun's Myst |       |       |   142 |   241 |   194 ||   577
       Fulminant Prism   |       |       |     5 |     3 |       ||     8
       Force Lance       |       |       |       |     3 |       ||     3
Evoke: Wand              |       |       |       |       |     1 ||     1
  Use: Scroll            |     5 |     4 |     8 |     4 |     2 ||    23
       Potion            |     1 |       |     4 |     2 |     5 ||    12
 Stab: Sleeping          |       |       |     1 |     1 |       ||     2
       Petrified         |       |       |       |       |     1 ||     1
  Eat: Ration            |     1 |     2 |     8 |     7 |     5 ||    23
       Chunk             |       |     2 |     3 |     1 |     2 ||     8
Armor: Robe              |     7 |    13 |    48 |     2 |       ||    70
       Skin              |       |     1 |       |       |       ||     1
       Troll leather arm |       |       |       |    27 |    35 ||    62
Dodge: Dodged            |    19 |    51 |   283 |   303 |   305 ||   961
       Deflected         |       |       |     7 |     6 |     7 ||    20
